[Event "Austrian Championship 2022"]
[Site "Vienna"]
[Date "2022.08.18"]
[Round "8.7"]
[White "Kristoferitsch, Daniel"]
[Black "Sadilek, Peter"]
[Result "1-0"]
[ECO "E71"]
[WhiteElo "2312"]
[BlackElo "2330"]
[Annotator "TA"]
[PlyCount "145"]
[EventDate "2022.08.12"]
[EventType "swiss"]
[EventCountry "AUT"]
[SourceTitle "playchess.com"]
[Source "ChessBase"]
[SourceQuality "1"]
[TimeControl "40/5400+30:1800+30"]

1. d4 Nf6 2. c4 g6 3. Nc3 c5 4. d5 Bg7 5. e4 O-O 6. Bd3 d6 7. h3 a6 8. a4 {[%emt 0:01:52] Prevents b5. E71: King's Indian: 4 e4 d6 5 h3.} e6 9. Nf3 Nbd7 10. O-O {[%emt 0:00:15] White is slightly better.} e5 {[%emt 0:00:16] [#]} 11. Ne1 $146 ({Predecessor:} 11. Bg5 h6 12. Be3 Nh7 13. Qd2 f5 14. Bxh6 f4 15. Bxg7 Kxg7 16. Nh2 Ndf6 17. Be2 Rh8 18. f3 Ng5 19. Ng4 Nxh3+ 20. gxh3 Rxh3 21. Rf2 Nxg4 22. fxg4 Qh4 {0-1 (22) Giri,A (2782)-Aronian,L (2767) Chess.com INT 2018}) 11... Nh5 12. g3 Ndf6 13. Kg2 (13. g4 Nf4 14. Bxf4 exf4 $15) 13... Bd7 14. Be2 Qc8 15. Rh1 Ne8 16. Bxh5 gxh5 17. Qxh5 f5 {[%emt 0:00:15] Prevents g4.} (17... b5 $142) 18. a5 {[%emt 0:15:29] White is more active.} Nf6 19. Qe2 Nxe4 20. Nxe4 fxe4 21. Qxe4 Bf5 22. Qe2 b5 23. axb6 (23. cxb5 $6 axb5 24. g4 Bg6 $11) 23... Rb8 24. Bd2 (24. Nf3 $16) 24... Rxb6 $14 25. Bc3 Qb7 26. Nd3 Qf7 {[%emt 0:03:19] White must now prevent ...Bxd3.} 27. Rhf1 Qg6 28. Rad1 Rb7 29. f3 Rbf7 30. Nf2 (30. Kh2 $11 {keeps the balance.}) 30... Bc2 $17 31. Rc1 {[%emt 0:10:24] [#]} (31. Ne4 $11 {was the only way to keep the balance.} Bxd1 32. Qxd1) 31... Rxf3 $1 32. g4 {[%emt 0:01:02] [#]} Bb3 (32... Qh6 $1 $17 33. Rxc2 Qf4) 33. Ne4 $15 R3f4 34. Rce1 h5 $1 35. Bd2 {[%emt 0:01:02] [#]} (35. Rxf4 $15 Rxf4 36. Bd2 (36. g5 Bd1 $15)) 35... Rxf1 (35... hxg4 $6 36. Bxf4 gxh3+ 37. Kxh3 exf4 38. Qg4 Qxg4+ 39. Kxg4 Bxc4 40. Rxf4 Bxd5 41. Nxd6 Rxf4+ 42. Kxf4 Bxb2 43. Re8+ Kg7 44. Rd8 $11) (35... Bxc4 36. Qxc4 Rxg4+ 37. Kh2 (37. hxg4 Qxg4+ 38. Kh2 Qh4+ 39. Kg2 Qg4+ 40. Kh2 Qh4+ 41. Kg2 Qg4+ $11) 37... Rxf1 38. hxg4 $16) (35... Bd1 $1 $17 36. Qxd1 (36. Rxd1 $2 Rxe4 37. Rxf8+ Bxf8 $19) 36... Rxf1 37. Rxf1 Qxe4+ 38. Kh2 Rxf1 39. Qxf1 hxg4 40. hxg4 Qxg4) 36. Rxf1 Rxf1 37. Kxf1 hxg4 38. hxg4 Bc2 (38... Bd1 $5 39. Qxd1 Qxe4 $17) 39. Nf2 e4 40. b4 Bd4 {[%emt 0:00:25] ...cxb4 is the strong threat.} 41. bxc5 dxc5 42. Be3 {[%emt 0:07:07] Hoping for Bxd4.} Bd3 43. Nxd3 exd3 $11 {[%emt 0:00:02][%mdl 4096] Endgame KQB-KQB} 44. Qf3 (44. Qd2 $11) 44... Qb6 (44... a5 $1 $17 {aiming for ...Bxe3.} 45. Bxd4 cxd4) 45. Bxd4 {[%emt 0:03:37] Threatens to win with Be5.} Qb1+ 46. Kg2 {[%emt 0:00:19][%cal Od5d6] Intending d6! and mate.} Qc2+ $2 (46... d2 $2 47. d6 $1 cxd4 48. d7 $18) (46... cxd4 $11 47. d6 Qb2+ 48. Kh3 Qe2 49. Qxe2 dxe2) 47. Kg3 {[%emt 0:01:51][%cal Od5d6] d6! would kill now.} ({Worse is} 47. Bf2 d2 48. Qe3 d1=Q $11) 47... d2 {[%emt 0:01:32] [#]} 48. d6 $1 Qg6 (48... Qxc4 49. Qa8+) 49. Bxc5 Qe6 50. Kg2 a5 51. Ba3 a4 52. Bb4 Qxc4 53. Bxd2 Qd4 54. Bf4 a3 55. Kg3 Qg1+ 56. Kh4 Qd4 57. Qa8+ Kh7 58. Qb7+ Kg6 59. Qb1+ Kg7 60. Bg3 Qf6+ 61. g5 Qe6 62. Qb7+ Kg6 63. Qb1+ Kg7 64. Qb7+ Kg6 65. Qe7 Qc4+ 66. Kh3 Qf1+ 67. Kh2 Qf5 68. Qe5 (68. d7 $142 Qc2+ 69. Kh3 Qf5+ 70. Kh4 Qd5 71. Qf6+ Kh7 72. g6+ Kg8 73. d8=Q+ Qxd8 74. Qxd8+ Kg7 75. Kh5 a2 76. Be5#) 68... a2 $18 {[%emt 0:00:29] [#]} 69. Qb2 $2 (69. Qe8+ $1 $18 Kh7 70. Qa4) 69... Qb1 $2 (69... a1=R $11) 70. Qf6+ Kh5 71. Kh3 Qg6 72. Qxg6+ ({Weaker is} 72. d7 Qxf6 73. gxf6 a1=Q $11) 72... Kxg6 73. Be5 {[%emt 0:00:06] Quite a comeback for White.  Weighted Error Value: White=0.22 (precise) /Black=0.37} ({Inferior is} 73. d7 a1=Q 74. d8=Q Qf1+ 75. Kh2 Qe2+ 76. Kh3 Qf1+ 77. Kh4 Qc4+ 78. Kh3 Qf1+ $11) 1-0

[Event "Austrian Championship 2022"]
[Site "Vienna"]
[Date "2022.08.18"]
[Round "8.7"]
[White "Kordzadze, Nino"]
[Black "Kersten, Julian"]
[Result "0-1"]
[ECO "A24"]
[WhiteElo "2043"]
[BlackElo "1999"]
[Annotator "NA RC"]
[PlyCount "102"]
[EventDate "2022.08.12"]
[EventType "swiss"]
[EventCountry "AUT"]
[SourceTitle "playchess.com"]
[Source "ChessBase"]
[SourceQuality "1"]
[TimeControl "40/5400+30:1800+30"]

1. c4 g6 2. g3 Bg7 3. Bg2 Nf6 4. Nc3 O-O 5. d3 d6 6. Rb1 e5 7. b4 Re8 8. Bd2 a5 9. a3 axb4 10. axb4 c6 11. e4 d5 12. cxd5 cxd5 13. Bg5 d4 14. Nd5 Be6 15. Ne2 Bxd5 16. exd5 Qd6 17. Bxf6 Bxf6 18. O-O Na6 19. f4 Nc7 20. fxe5 Bxe5 21. Qb3 Bg7 22. Nf4 Nb5 23. Qc4 Na3 24. Qc5 Qxc5 25. bxc5 Nxb1 26. Rxb1 Ra5 27. d6 Rxc5 28. d7 Rd8 29. Rxb7 Kf8 30. Nd5 Bh6 31. Nb4 Rc1+ 32. Kf2 Rb1 33. Nc6 Rxb7 34. Nxd8 Rxd7 35. Nc6 Be3+ 36. Kf3 f5 37. h3 Rb7 38. Bf1 Rb1 39. Be2 Rh1 40. Kg2 Rg1+ 41. Kh2 Rc1 42. Bf3 Rc2+ 43. Kh1 Rc3 44. Ne5 Ke7 45. Be2 Rc2 46. Bf1 Kd6 47. Nc4+ Kc5 48. Ne5 Kb4 49. g4 fxg4 50. hxg4 Kc3 51. Nf3 Rf2 0-1

[Event "Austrian Championship 2022"]
[Site "Vienna"]
[Date "2022.08.18"]
[Round "8.8"]
[White "Sadilek, Maximilian"]
[Black "Shengelia, David"]
[Result "0-1"]
[ECO "B89"]
[WhiteElo "2230"]
[BlackElo "2462"]
[Annotator "TA"]
[PlyCount "84"]
[EventDate "2022.08.12"]
[EventType "swiss"]
[EventCountry "AUT"]
[SourceTitle "playchess.com"]
[Source "ChessBase"]
[SourceQuality "1"]
[TimeControl "40/5400+30:1800+30"]

1. e4 c5 2. Nf3 Nc6 3. Nc3 d6 4. d4 cxd4 5. Nxd4 Nf6 6. Bc4 e6 7. Be3 a6 8. Qe2 Qc7 9. Bb3 Na5 10. g4 b5 11. g5 Nd7 12. O-O-O (12. a3 {seems wilder.} Nb6 13. O-O-O Nbc4 14. Ncxb5 axb5 15. Nxb5 Qc6 16. Ba4) 12... Nc5 {[%emt 0:16:31] B89: Sicilian: Velimirovic Attack.} 13. a3 {[%emt 0:28:34] [#]} Naxb3+ $146 ({Predecessor:} 13... Rb8 14. Ba2 b4 15. axb4 Rxb4 16. Kb1 g6 17. f4 Qb7 18. Ka1 Rxb2 19. Rb1 Rxb1+ 20. Rxb1 {1-0 (35) Ivanov,O (2350)-Aseev,K (2591) St Petersburg 2002}) 14. Nxb3 Nxb3+ {[%emt 0:00:08] Black is slightly better.} 15. cxb3 Be7 16. Kb1 O-O 17. h4 Qb7 (17... b4 $5 18. axb4 Qb7 $11) 18. b4 $1 Bd7 {[%emt 0:00:12][%cal Bc8d7,Bd7c6,Bc6e4][%mdl 32] Strongly threatening ...a5.} 19. Bd2 Rac8 20. h5 Rc4 21. g6 Bf6 (21... hxg6 22. hxg6 fxg6 23. Qg4 $16) 22. gxh7+ Kxh7 23. Rdg1 Bc6 24. f3 $1 Qe7 (24... Rc8 $11 {keeps the balance.}) 25. Rh3 ({White should play} 25. b3 $16 Rxc3 26. Bxc3) 25... Be5 26. f4 ({Better is} 26. Nd1 $16) 26... Bd4 $11 27. Be3 (27. Rg4 $11 {remains equal.}) 27... Bxc3 $17 28. bxc3 Bxe4+ 29. Kb2 Qf6 30. Qd2 Rfc8 31. Bf2 a5 {[%emt 0:01:01][%cal Ba6a5,Ba5b4,Bb4a3][%mdl 32] [#] Hoping for ...axb4.} 32. Bh4 Qf5 $36 {[%emt 0:01:26][%mdl 2048] Black is really pushing. Black is more active.} 33. Rhg3 axb4 {[%emt 0:00:41] The board is on fire.} (33... Qxh5 {gets mated.} 34. Rxg7+ Kh8 35. Bf6) 34. Rxg7+ $2 {[%emt 0:00:42][%mdl 8192] Loses the game.} (34. axb4 $17 Kh8 35. Rxg7) 34... Kh6 $19 ({Not} 34... Kh8 35. axb4 Bd5 36. R7g5 Qxf4 37. Qxf4 Rxf4 38. R5g4 $17) 35. Qxd6 Rxc3 {[%emt 0:01:07] Black mates.} 36. Qe7 bxa3+ 37. Ka1 Rc1+ 38. Rxc1 Rxc1+ 39. Ka2 Bd5+ 40. Kxa3 Qd3+ 41. Kb4 Qc4+ 42. Ka5 Ra1+ {[%emt 0:00:09] Weighted Error Value: White=0.56/Black=0.13 (very precise)} 0-1

[Event "Austrian Championship 2022"]
[Site "Vienna"]
[Date "2022.08.18"]
[Round "8.9"]
[White "Balinov, Ilia"]
[Black "Lerch, Johannes"]
[Result "1-0"]
[ECO "A18"]
[WhiteElo "2419"]
[BlackElo "2222"]
[Annotator "TA"]
[PlyCount "77"]
[EventDate "2022.08.12"]
[EventType "swiss"]
[EventCountry "AUT"]
[SourceTitle "playchess.com"]
[Source "ChessBase"]
[SourceQuality "1"]
[TimeControl "40/5400+30:1800+30"]

1. c4 Nf6 2. Nc3 e6 3. e4 d5 4. e5 d4 5. exf6 dxc3 6. bxc3 Qxf6 7. d4 b6 8. Nh3 {[%emt 0:17:37] [#] A18: English Opening: Flohr-Mikenas System (1 c4 Nf6 2 Nc3 e6 3 e4).} h6 $146 {[%emt 0:05:47] Inhibits Bg5.} ({Predecessor:} 8... Bb7 9. Bg5 Qf5 10. f3 Nd7 11. Bd3 Qa5 12. Qc2 h6 13. Bd2 Bc6 14. O-O Ba4 15. Qc1 Bd6 {½-½ (63) Dubov,D (2691)-Oparin,G (2609) Satka 2018}) 9. Bf4 Bd6 (9... Nd7 $11) 10. Qf3 $16 {[%emt 0:01:36] White is better.} Bxf4 (10... e5 $16) 11. Qxa8 $18 c5 12. Nxf4 (12. Qxa7 $6 cxd4 13. Nxf4 (13. Qxb6 Qe5+ 14. Kd1 dxc3 $14) (13. cxd4 Qxd4 14. Rd1 Qc3+ 15. Ke2 Nc6 $17) 13... Qxf4 $16) 12... Qxf4 13. g3 (13. Qxa7 cxd4 14. Be2 dxc3) (13. Bd3 $18) 13... Qd6 {[%emt 0:03:08] [#] This move loses the game for Black.} ({Better is} 13... Qc7 $14) 14. Bg2 $1 ({Don't play} 14. Qxa7 $6 cxd4 15. Rd1 O-O $16) 14... cxd4 {[%emt 0:07:17] [#]} 15. O-O $1 {[%emt 0:00:33] And now c5 would win.} ({Weaker is} 15. Qxa7 Qe5+ 16. Kf1 d3 $16) 15... dxc3 16. Qxa7 {[%emt 0:04:51] Strongly threatening Rfd1.} Nd7 17. Qa4 O-O 18. Rac1 f5 (18... Nc5 $16 {was necessary.} 19. Qb4 e5 20. Qxc3 Bg4) 19. Rfd1 ({Don't do} 19. Rxc3 $6 Nc5 20. Qb4 e5 21. Bd5+ Be6 $16) 19... Qc7 20. Qc6 Qxc6 21. Bxc6 Ne5 22. Bg2 Nxc4 23. Rxc3 b5 24. Rb3 Ba6 25. Rd7 Rc8 26. h4 {[%emt 0:01:01][%cal Bh2h4,Bh4h5][%mdl 32] Black must now prevent Ra7.} Ne5 27. Rd1 {[%emt 0:03:40] Against Rc1. Hoping for Ra3.} Rc2 (27... Nc4 $142 28. Rbd3 Kh7) 28. Ra3 Bc8 29. Ra7 {[%emt 0:01:02] Rd8+ is the strong threat.} Ng4 $2 (29... h5 30. Bf1 b4 31. Rd8+ Kh7) 30. h5 Kh7 31. Rd8 Ne5 32. f3 Bd7 33. Rdxd7 Nxd7 34. Rxd7 Rxa2 {[%emt 0:00:06] KRB-KR} 35. Rb7 Ra1+ 36. Bf1 {[%emt 0:00:14] White is clearly winning.} e5 (36... Kg8 $142 37. Kf2 Kf8 38. Bxb5 Rb1) 37. Rxb5 e4 38. f4 Ra3 39. Kf2 {[%emt 0:00:24] Weighted Error Value: White=0.37/Black=0.56} 1-0

[Event "Austrian Championship 2022"]
[Site "Vienna"]
[Date "2022.08.18"]
[Round "8.10"]
[White "Froewis, Annika"]
[Black "Schernthaner, David"]
[Result "0-1"]
[ECO "B92"]
[WhiteElo "2044"]
[BlackElo "2319"]
[Annotator "TA"]
[PlyCount "110"]
[EventDate "2022.08.12"]
[EventType "swiss"]
[EventCountry "AUT"]
[SourceTitle "playchess.com"]
[Source "ChessBase"]
[SourceQuality "1"]
[TimeControl "40/5400+30:1800+30"]

1. e4 c5 2. Nf3 d6 3. d4 cxd4 4. Nxd4 Nf6 5. Nc3 a6 6. Be2 e5 7. Nb3 Be7 8. O-O O-O 9. Kh1 Nc6 {[%emt 0:02:12] B92: Sicilian Najdorf: 6 Be2.} 10. f3 Be6 11. Nd5 Bxd5 {[%emt 0:13:28] The position is equal. was the old line (11...a5).} 12. exd5 Nb4 13. c4 {[%emt 0:01:36] Threatens to win with a3.} a5 {[%emt 0:00:11][%cal Ba6a5,Ba5a4][%mdl 32] [#]} 14. a3 $146 ({Predecessor:} 14. Bd2 b6 15. Bxb4 axb4 16. Qd2 Nd7 17. Qxb4 f5 18. Bd3 Nc5 19. Nxc5 bxc5 20. Qd2 {0-1 (37) Solozhenkin,E (2489)-Kulaots,K (2592) Finland 2012}) 14... Na6 15. Be3 Nd7 16. f4 a4 17. Nd2 Nac5 18. Qc2 Re8 (18... Bf6 $15) 19. Rf3 ({White should try} 19. fxe5 $14 Nxe5 20. Bxc5 dxc5 21. Ne4) 19... Bf6 {[%emt 0:01:42] Hoping for ...exf4.} 20. Rh3 e4 (20... h6 $1 $15 21. Bg4 exf4 22. Bxf4 Ra6) 21. Rb1 (21. Rf1 $5 ) 21... g6 22. g4 Bg7 23. g5 Qe7 (23... f5 $11) 24. Bf1 (24. Rf1 $14) 24... f6 25. gxf6 Qxf6 (25... Nxf6 $5 26. Be2 Qd7 $11) 26. Bg2 Re7 27. Rg3 ({Avoid the trap} 27. Bxe4 $2 Nxe4 28. Nxe4 Qf5 $19) 27... Rae8 28. Bh3 Kh8 29. Bxd7 (29. b3 $11) 29... Rxd7 $15 30. Bxc5 dxc5 31. Nxe4 ({Better is} 31. Re1 $15) 31... Qf5 $17 32. Re3 Bd4 33. Re2 {[%emt 0:00:47] [#]} Rde7 $1 ({Of course not} 33... Qxf4 $6 {[#]} 34. Ng5 $1 (34. Qd3 Rde7 $15) 34... Rb8 35. Qc1 Qxc1+ 36. Rxc1 $15) 34. Rbe1 Qxf4 35. Qd3 {[%emt 0:00:39] Against Qf3+} Qf5 $36 {[%emt 0:03:36][%cal Ob7b5][%mdl 2048] Black is pushing. Black is more active.} 36. Kg2 b5 {[%emt 0:02:02] Strongly threatening ...bxc4.} 37. cxb5 {[%emt 0:02:45] Now White is beyond hope.} ({White should play} 37. Qf3 $15) 37... Qxd5 $19 38. Qf3 Rf7 39. Qd3 (39. Qg3 $142 Ref8 40. h3) 39... Rf4 40. h3 Ref8 41. Qg3 Bf2 42. Rxf2 Rxf2+ 43. Kg1 (43. Qxf2 $142 Rxf2+ 44. Kxf2 Qd4+ 45. Re3 Qxb2+ 46. Ke1) 43... Rxb2 44. Qc3+ Qd4+ 45. Qxd4+ cxd4 {[%emt 0:00:03][%mdl 4096] Endgame KRR-KRN} 46. Rd1 Rd8 47. Nc5 Rxb5 48. Ne6 Rd6 49. Nf4 d3 50. Kf2 d2 51. Ke3 Rb3+ 52. Ke4 Rxa3 {[%emt 0:00:33] ( -> ...Rc3)} 53. Ke5 Rd8 {[%emt 0:00:17] Black mates.} 54. h4 Re3+ 55. Kf6 Re1 {[%emt 0:00:17] Weighted Error Value: White=0.83/Black=0.24 (precise)} 0-1

[Event "Austrian Championship 2022"]
[Site "Vienna"]
[Date "2022.08.18"]
[Round "8.11"]
[White "Bauer, Thomas"]
[Black "Schroll, Gerhard"]
[Result "0-1"]
[ECO "B01"]
[WhiteElo "2228"]
[BlackElo "2281"]
[Annotator "TA"]
[PlyCount "34"]
[EventDate "2022.08.12"]
[EventType "swiss"]
[EventCountry "AUT"]
[SourceTitle "playchess.com"]
[Source "ChessBase"]
[SourceQuality "1"]
[TimeControl "40/5400+30:1800+30"]

1. e4 d5 2. exd5 Qxd5 3. Nf3 Bg4 4. Be2 Nc6 5. d4 O-O-O 6. c4 Qf5 7. Be3 e5 ({Better is} 7... Bxf3 $11 8. Bxf3 Nxd4 $1) 8. d5 $14 Nf6 {[%emt 0:04:41] White is slightly better.} 9. O-O {[%emt 0:00:00] And now Qa4 would win.} e4 10. Nd4 Nxd4 11. Bxg4 ({White should try} 11. Bxd4 $14 Bd6 12. Re1) 11... Nxg4 $15 12. Qxd4 c5 13. Qd1 (13. Qc3 $1 $11) 13... Bd6 $40 {[%emt 0:02:34][%mdl 128] Black wants a kill.} 14. h3 Nh2 {[%emt 0:08:15] Black is much more active.} 15. Re1 {[%emt 0:00:00] [#]} (15. Nd2 $17 {is a better defense.}) 15... Nf3+ $1 16. gxf3 $2 (16. Kf1) 16... exf3 17. Nd2 Qg6+ {[%emt 0:00:19] Weighted Error Value: White=1.04/Black=0.59} 0-1

[Event "Austrian Championship 2022"]
[Site "Vienna"]
[Date "2022.08.18"]
[Round "8.12"]
[White "Neumeier, Klaus"]
[Black "Kienboeck, Benjamin"]
[Result "1-0"]
[ECO "A13"]
[WhiteElo "2257"]
[BlackElo "2151"]
[Annotator "NA RC"]
[PlyCount "109"]
[EventDate "2022.08.12"]
[EventType "swiss"]
[EventCountry "AUT"]
[SourceTitle "playchess.com"]
[Source "ChessBase"]
[SourceQuality "1"]
[TimeControl "40/5400+30:1800+30"]

1. c4 Nf6 2. Nf3 e6 3. g3 d5 4. Bg2 dxc4 5. Qa4+ Nbd7 6. Qxc4 a6 7. Qb3 c5 8. a4 Qc7 9. d3 b6 10. Na3 Bb7 11. Nc4 Nd5 12. O-O Be7 13. e4 Nb4 14. Bf4 Qd8 15. Nd6+ Bxd6 16. Bxd6 Nc6 17. e5 Na5 18. Qc3 Bd5 19. b4 Nb7 20. d4 Nxd6 21. exd6 O-O 22. dxc5 bxc5 23. bxc5 Rc8 24. Rfc1 Nxc5 25. Qe5 Qd7 26. Ne1 Bxg2 27. Kxg2 Nb3 28. Rxc8 Rxc8 29. Rd1 Nc5 30. a5 Qc6+ 31. Kg1 Nd7 32. Qe3 Qa4 33. Rc1 Rc6 34. Rxc6 Qxc6 35. Qd4 Qc5 36. Qxc5 Nxc5 37. Nd3 Nb7 38. d7 Kf8 39. Nc5 Nd8 40. Nxa6 Ke7 41. Nc5 Nc6 42. a6 e5 43. Kf1 g6 44. Ke2 f5 45. Kd2 g5 46. Kc3 e4 47. Kc4 f4 48. gxf4 gxf4 49. Kb5 e3 50. fxe3 f3 51. Kxc6 f2 52. Kc7 f1=Q 53. d8=Q+ Kf7 54. Qd5+ Kf8 55. a7 1-0

[Event "Austrian Championship 2022"]
[Site "Vienna"]
[Date "2022.08.18"]
[Round "8.13"]
[White "Leitner, Gerald"]
[Black "Belke, Frank"]
[Result "1/2-1/2"]
[ECO "A89"]
[WhiteElo "2145"]
[BlackElo "2226"]
[Annotator "RC"]
[PlyCount "32"]
[EventDate "2022.08.12"]
[EventType "swiss"]
[EventCountry "AUT"]
[SourceTitle "playchess.com"]
[Source "ChessBase"]
[SourceQuality "1"]
[TimeControl "40/5400+30:1800+30"]

1. d4 f5 2. Nf3 Nf6 3. g3 g6 4. Bg2 Bg7 5. O-O O-O 6. c4 d6 7. Nc3 Nc6 8. d5 Na5 9. Qd3 e5 10. dxe6 Bxe6 11. b3 Nc6 12. Bb2 Ne4 13. Rab1 Nb4 14. Qe3 Nc2 15. Qd3 Nb4 16. Qe3 Nc2 1/2-1/2

[Event "Austrian Championship 2022"]
[Site "Vienna"]
[Date "2022.08.18"]
[Round "8.14"]
[White "Teuschler, Barbara"]
[Black "Borrmann, Laurenz"]
[Result "1/2-1/2"]
[ECO "A01"]
[WhiteElo "2097"]
[BlackElo "2274"]
[Annotator "NA RC"]
[PlyCount "62"]
[EventDate "2022.08.12"]
[EventType "swiss"]
[EventCountry "AUT"]
[SourceTitle "playchess.com"]
[Source "ChessBase"]
[SourceQuality "1"]
[TimeControl "40/5400+30:1800+30"]

1. b3 e5 2. Bb2 Nc6 3. c4 Nge7 4. e3 d5 5. cxd5 Nxd5 6. a3 a6 7. Nf3 Bd6 8. d3 Qe7 9. Nbd2 f5 10. g3 g5 11. Nc4 Bd7 12. Nfd2 O-O-O 13. Nxd6+ cxd6 14. Bg2 Be6 15. Nc4 Kb8 16. Qe2 f4 17. O-O-O Rhf8 18. Rhe1 Qd7 19. exf4 gxf4 20. d4 Qf7 21. Be4 Nxd4 22. Bxd4 exd4 23. Bg6 Qxg6 24. Qxe6 Nf6 25. Nxd6 d3 26. Kb2 fxg3 27. fxg3 Ka8 28. Rd2 Rd7 29. Red1 Rfd8 30. Nc4 Rd4 31. Ne5 Qg7 1/2-1/2

[Event "Austrian Championship 2022"]
[Site "Vienna"]
[Date "2022.08.18"]
[Round "8.15"]
[White "Wagner, Leopold Franziskus"]
[Black "Ganaus, Hannes"]
[Result "0-1"]
[ECO "B13"]
[WhiteElo "2080"]
[BlackElo "2284"]
[Annotator "NA RC"]
[PlyCount "68"]
[EventDate "2022.08.12"]
[EventType "swiss"]
[EventCountry "AUT"]
[SourceTitle "playchess.com"]
[Source "ChessBase"]
[SourceQuality "1"]
[TimeControl "40/5400+30:1800+30"]

1. d4 d5 2. Bf4 c5 3. e3 Nc6 4. Nf3 cxd4 5. exd4 Bf5 6. c3 a6 7. Bd3 Bxd3 8. Qxd3 e6 9. Nbd2 Bd6 10. Bg3 Nge7 11. O-O Bxg3 12. hxg3 Ng6 13. Rfe1 O-O 14. Nb3 a5 15. Qe2 Re8 16. Nc5 Qc7 17. Nd3 f6 18. Rad1 Rad8 19. Nh4 Nxh4 20. gxh4 e5 21. Qg4 e4 22. Nf4 Qf7 23. a3 f5 24. Qg5 a4 25. h5 Rd6 26. Re2 Nd8 27. g3 Ne6 28. Nxe6 Rdxe6 29. Kg2 f4 30. Qxf4 Qxh5 31. g4 Rg6 32. f3 exf3+ 33. Kxf3 Qh3+ 34. Kf2 Rf8 0-1

[Event "Austrian Championship 2022"]
[Site "Vienna"]
[Date "2022.08.18"]
[Round "8.16"]
[White "Sandhoefner, Florian"]
[Black "Miazhynski, Yuri"]
[Result "1/2-1/2"]
[ECO "B15"]
[WhiteElo "2289"]
[BlackElo "2166"]
[Annotator "NA RC"]
[PlyCount "91"]
[EventDate "2022.08.12"]
[EventType "swiss"]
[EventCountry "AUT"]
[SourceTitle "playchess.com"]
[Source "ChessBase"]
[SourceQuality "1"]
[TimeControl "40/5400+30:1800+30"]

1. e4 c6 2. d4 d5 3. Nc3 dxe4 4. Nxe4 Nf6 5. Nxf6+ exf6 6. c3 Bd6 7. Bd3 Na6 8. Qc2 h5 9. Ne2 Nc7 10. Bf4 Nd5 11. Bxd6 Qxd6 12. O-O-O b5 13. Kb1 h4 14. Bf5 Bxf5 15. Qxf5 g6 16. Qf3 Kf8 17. Nc1 Kg7 18. Rde1 a5 19. g3 h3 20. Re2 a4 21. a3 Rae8 22. Rhe1 Rxe2 23. Qxe2 Qd7 24. Nd3 Qf5 25. Qe4 Qd7 26. Kc2 Rd8 27. f4 Rh8 28. Nf2 Nc7 29. Qf3 Re8 30. Rxe8 Qxe8 31. Qe4 Qd7 32. g4 Nd5 33. Kd2 Nb6 34. Kc1 Nc4 35. Kc2 f5 36. gxf5 gxf5 37. Qf3 Qe6 38. Nxh3 Kf8 39. Nf2 Qe1 40. Nd1 Qd2+ 41. Kb1 Qxh2 42. Qxc6 Qe2 43. Qh1 Qd3+ 44. Ka2 Qc2 45. Ka1 Nd2 46. Qh8+ 1/2-1/2

[Event "Austrian Championship 2022"]
[Site "Vienna"]
[Date "2022.08.18"]
[Round "8.17"]
[White "Pilshofer, Paul"]
[Black "Exler, Veronika"]
[Result "1/2-1/2"]
[ECO "D79"]
[WhiteElo "2223"]
[BlackElo "2132"]
[Annotator "NA RC"]
[PlyCount "81"]
[EventDate "2022.08.12"]
[EventType "swiss"]
[EventCountry "AUT"]
[SourceTitle "playchess.com"]
[Source "ChessBase"]
[SourceQuality "1"]
[TimeControl "40/5400+30:1800+30"]

1. d4 Nf6 2. Nf3 g6 3. g3 Bg7 4. Bg2 d5 5. O-O O-O 6. c4 c6 7. cxd5 cxd5 8. Nc3 Ne4 9. Nxe4 dxe4 10. Ne5 Bf5 11. Qb3 Nc6 12. Nxc6 bxc6 13. Be3 e5 14. dxe5 Bxe5 15. Qc2 Qf6 16. Rab1 Bd4 17. Bxd4 Qxd4 18. Rfd1 Qe5 19. e3 Rad8 20. b3 Qa5 21. h3 h5 22. Qe2 Qe5 23. Rbc1 Qb5 24. Qc2 Qa5 25. Kh2 Rd5 26. Bf1 Rfd8 27. Rxd5 cxd5 28. Qc7 Qxc7 29. Rxc7 Rd7 30. Rc5 d4 31. exd4 Rxd4 32. Rc2 Rd1 33. Be2 Ra1 34. g4 hxg4 35. hxg4 Be6 36. g5 Bf5 37. Rd2 Kg7 38. Bc4 f6 39. gxf6+ Kxf6 40. Rd6+ Ke5 41. Rd2 1/2-1/2

[Event "Austrian Championship 2022"]
[Site "Vienna"]
[Date "2022.08.18"]
[Round "8.18"]
[White "Hoegl, Emanuel"]
[Black "Albadri Abd Al Sattar"]
[Result "1/2-1/2"]
[ECO "A59"]
[WhiteElo "2094"]
[BlackElo "2161"]
[Annotator "NA RC"]
[PlyCount "91"]
[EventDate "2022.08.12"]
[EventType "swiss"]
[EventCountry "AUT"]
[SourceTitle "playchess.com"]
[Source "ChessBase"]
[SourceQuality "1"]
[TimeControl "40/5400+30:1800+30"]

1. d4 Nf6 2. c4 c5 3. d5 b5 4. cxb5 a6 5. bxa6 Bxa6 6. Nc3 d6 7. e4 Bxf1 8. Kxf1 g6 9. Nf3 Bg7 10. g3 O-O 11. Kg2 Nbd7 12. a4 Qa5 13. Qe2 Rfb8 14. Ra3 Qb4 15. Qc2 Ng4 16. Nb5 Nge5 17. Nxe5 Nxe5 18. Bd2 Qc4 19. Rc1 Qxc2 20. Rxc2 c4 21. Kf1 Nd3 22. Rxc4 Nxb2 23. Rb4 Rc8 24. Bc3 Nd3 25. Rb1 Nc5 26. Bxg7 Kxg7 27. Nc3 Ra6 28. a5 Rca8 29. Rb5 R8a7 30. Na2 Nb7 31. Nb4 Rxa5 32. Rbxa5 Rxa5 33. Rxa5 Nxa5 34. Nc6 Nc4 35. Ke2 Kf8 36. Kd3 Nb6 37. Nd4 Nd7 38. f4 Nf6 39. Nf3 h6 40. Kd4 Ke8 41. e5 Nd7 42. g4 Nc5 43. h4 Nd7 44. h5 Kf8 45. Nh4 Kg7 46. Nf3 1/2-1/2

[Event "Austrian Championship 2022"]
[Site "Vienna"]
[Date "2022.08.18"]
[Round "8.19"]
[White "Marakovits, Nico"]
[Black "Miazhynski, Michael"]
[Result "1/2-1/2"]
[ECO "A61"]
[WhiteElo "2259"]
[BlackElo "1994"]
[Annotator "NA RC"]
[PlyCount "62"]
[EventDate "2022.08.12"]
[EventType "swiss"]
[EventCountry "AUT"]
[SourceTitle "playchess.com"]
[Source "ChessBase"]
[SourceQuality "1"]
[TimeControl "40/5400+30:1800+30"]

1. d4 Nf6 2. c4 c5 3. d5 e6 4. Nc3 exd5 5. cxd5 d6 6. Nf3 g6 7. Bf4 Bg7 8. Qa4+ Bd7 9. Qb3 b5 10. Nxb5 Bxb5 11. Qxb5+ Nbd7 12. Bxd6 Ne4 13. Be5 O-O 14. Bxg7 Kxg7 15. Qa4 Qe7 16. e3 Nb6 17. Qb3 Rab8 18. Be2 c4 19. Bxc4 Qc5 20. Be2 Qa5+ 21. Kf1 Nxd5 22. Qd3 Ndf6 23. b3 Qf5 24. h3 h5 25. Kg1 Rfd8 26. Qa6 Rd7 27. Bd3 Rbd8 28. Bxe4 Nxe4 29. Rf1 Nd2 30. Nd4 Rxd4 31. exd4 Nf3+ 1/2-1/2